 Dungeon Crawl Stone Soup version 0.23.2-33-g5129a83184 (webtiles) character file.

Game seed: 11326938628398138002

44 Acheron the Covered (level 3, -3/27 HPs)
             Began as a Demigod Wanderer on July 12, 2019.
             Killed by nerve-wracking pain
             ... invoked by Jessica
              (14 damage)
             ... on level 3 of the Dungeon.
             The game lasted 00:04:57 (1153 turns).

Acheron the Covered (Demigod Wanderer)              Turns: 1153, Time: 00:04:58

Health: -3/27      AC:  5    Str: 15    XL:     3   Next: 22%
Magic:  6/6        EV:  7    Int: 16    God:
Gold:   86         SH:  8    Dex: 17    Spells: 3/3 levels left

rFire    . . .     SeeInvis .   a - +0 hand axe
rCold    . . .     Gourm    .   b - +0 shield
rNeg     . . .     Faith    .   c - +0 ring mail
rPois    .         Spirit   .   (no helmet)
rElec    .         Reflect  .   (no cloak)
rCorr    .         Harm     .   (no gloves)
MR       .....                  (no boots)
Stlth    +.........             (no amulet)
HPRegen  0.09/turn              (no ring)
MPRegen  0.10/turn              (no ring)

@: no status effects
A: high mp 1
a: no special abilities


You were on level 3 of the Dungeon.
You were not hungry.

You visited 1 branch of the dungeon, and saw 3 of its levels.

You collected 86 gold pieces.

Inventory:

Hand Weapons
 a - a +0 hand axe (weapon)
Missiles
 g - 37 stones (quivered)
 i - 24 sling bullets
Armour
 b - a +0 shield (worn)
 c - a +0 ring mail (worn)
Scrolls
 h - a scroll of enchant weapon {unknown}
 j - a scroll of immolation {unknown}
 l - a scroll of random uselessness {unknown}
 n - a scroll of remove curse {unknown}
Potions
 e - a potion of agility {unknown}
 f - a potion of might {unknown}
 m - a potion of flight {unknown}
 o - 2 potions of cancellation {unknown}
Comestibles
 d - 5 rations
 k - 2 chunks of flesh


   Skills:
 * Level 0.4 Fighting
 * Level 0.7 Axes
   Level 1.7 Crossbows
 + Level 1.1 Throwing
 + Level 3.3 Armour
 * Level 0.4 Dodging
 * Level 0.5 Stealth
 + Level 1.0 Shields
 * Level 0.6 Spellcasting
   Level 1.7 Hexes
   Level 1.0 Ice Magic


You had 3 spell levels left.
You didn't know any spells.
Your spell library was empty.

Dungeon Overview and Level Annotations

Branches:
Dungeon (3/15)

Annotations:
D:3 Jessica


Innate Abilities, Weirdness & Mutations

You have an increased reservoir of magic. (+10% MP)


Message History

The gnoll barely misses you.
You hit the gnoll.
The gnoll is severely wounded.
The gnoll barely misses you.
Some of the chunks of flesh in your inventory have rotted away.
You hit the gnoll.
The gnoll is almost dead.
The gnoll hits you with a +0 club.
You completely miss the gnoll.
The gnoll is almost dead.
Jessica gestures wildly while chanting.
Jessica seems to speed up.
The gnoll hits you but does no damage.
You hit the gnoll.
You kill the gnoll!
Jessica casts a spell.
Jessica blinks!
Jessica points at you and mumbles some strange words.
Pain shoots through your body!
Ouch! That really hurt!
You die...

#.....# #.#
###.#.#######.#
#.#......##.#
#.#......##.#
#.#....).+..#
###.#....@...##
#............#
..##.ยง.##...#
..####@####..#
. #..#'#..##(#
#.......##.#
##.._..##..#
##...##..##
##.##..# ###..#
... g##


You could see Jessica.

Vanquished Creatures
  A gnoll (D:3)
  An ooze (D:1)
  A dart slug (D:3)
  An orc (D:3)
  2 giant cockroaches
  6 goblins
  5 hobgoblins
  A kobold (D:2)
  4 bats
  A rat (D:1)
23 creatures vanquished.

Notes
Turn   | Place    | Note
-------+----------+-------------------------------------------
     0 | D:1      | Acheron the Demigod Wanderer began the quest for the Orb.
     0 | D:1      | Acheron set off with the following items: a +0 hand axe, a
                  | +0 shield, a +0 ring mail, a ration
     0 | D:1      | Reached XP level 1. HP: 14/14 MP: 3/3
   364 | D:1      | Reached skill level 3 in Armour
   364 | D:1      | Reached XP level 2. HP: 15/20 MP: 4/4
  1016 | D:3      | Reached XP level 3. HP: 27/27 MP: 6/6
  1136 | D:3      | Found a sparkling altar of Nemelex Xobeh.
  1136 | D:3      | Noticed Jessica
  1153 | D:3      | Killed from afar by Jessica

Skill      XL: |  1 |
---------------+----+-----
Armour         | 3 |  3.3
Fighting       | |  0.4
Axes           | |  0.7
Crossbows      | |  1.7
Throwing       | |  1.1
Dodging        | |  0.4
Stealth        | |  0.5
Shields        | |  1.0
Spellcasting   | |  0.6
Hexes          | |  1.7
Ice Magic      | |  1.0

Action                   || total
-------------------------++-------
Melee: Hand axe          ||   110
  Eat: Chunk             ||     1
Armor: Ring mail         ||    35
Dodge: Dodged            ||    35
Block: Shield            ||    48
